 Dungeon Crawl Stone Soup version 0.30.1-11-g7821555f0a (webtiles) character file.

Game seed: 13067827556449669787

1509 safid the Frost Mage (level 8, -9/65 HPs)
             Began as a Merfolk Ice Elementalist on Nov 15, 2023.
             Killed by nerve-wracking pain
             ... invoked by Grinder
              (14 damage)
             ... on level 6 of the Dungeon.
             The game lasted 00:11:08 (6698 turns).

safid the Frost Mage (Merfolk Ice Elementalist)     Turns: 6698, Time: 00:11:10

Health: -9/65      AC: 13    Str:  8    XL:     8   Next: 83%
Magic:  2/16       EV: 16    Int: 16    God:
Gold:   67         SH:  0    Dex: 15    Spells: 11/18 levels left

rFire   . . .        F - +1 trident (freeze)
rCold   . . .        (no shield)
rNeg    . . .        a - +0 robe
rPois   .            A - +0 helmet
rElec   .            t - +0 cloak
rCorr   .            (no gloves)
SInv    .            H - +2 pair of slick slippers {slick, slippery, EV+4}
Will    .....        (no amulet)
Stlth   ++           z - ring of flight
HPRegen 0.30/turn    (no ring)
MPRegen 0.15/turn

%: no passive effects
@: ice-armoured, freezing walls, flying
A: (nimble swimmer 2), mertail
a: no special abilities


You were on level 6 of the Dungeon.
You visited 1 branch of the dungeon, and saw 6 of its levels.

You collected 450 gold pieces.
You spent 383 gold pieces at shops.

Inventory:

Hand Weapons
 g - a +1 dagger of electrocution
 F - a +1 trident of freezing (weapon)
Missiles
 n - a throwing net
Armour
 a - a +0 robe (worn)
 t - a +0 cloak (worn)
 A - a +0 helmet (worn)
 H - the +2 pair of slick slippers (worn) {slick, slippery, EV+4}
   (You bought it in a shop on level 3 of the Dungeon)

   Slick:     Its wearer cannot be constricted, engulfed, netted or webbed.
   Slippery:  Its wearer slips away from damaging melee attacks, pulling the
   attacker onward.
   EV:        It affects your evasion (+4).
Jewellery
 z - a ring of flight (left hand)
Wands
 y - a wand of paralysis (15)
 C - a wand of roots (3)
Scrolls
 d - 5 scrolls of identify {unknown}
 e - a scroll of immolation {unknown}
 f - 2 scrolls of fog {unknown}
 h - 3 scrolls of teleportation {unknown}
 o - a scroll of enchant armour {unknown}
 p - 2 scrolls of brand weapon {unknown}
 q - a scroll of poison {unknown}
 s - 2 scrolls of enchant weapon {unknown}
 v - a scroll of torment {unknown}
 x - a scroll of blinking {unknown}
 B - a scroll of noise {unknown}
 I - a scroll of amnesia {unknown}
Potions
 b - 2 potions of magic
 i - a potion of invisibility
 j - a potion of resistance {unknown}
 k - 2 potions of brilliance {unknown}
 l - a potion of heal wounds {unknown}
 m - 2 potions of attraction {unknown}
 r - a potion of haste {unknown}
 u - a potion of mutation {unknown}
 w - 3 potions of degeneration {unknown}
 D - a potion of ambrosia {unknown}
 E - a potion of cancellation {unknown}
 G - a potion of might {unknown}


   Skills:
 + Level 6.6 Fighting
 - Level 2.6 Dodging
 - Level 2.1 Stealth
 + Level 5.9 Spellcasting
 + Level 8.1 Ice Magic


You had 11 spell levels left.
You knew the following spells:

 Your Spells              Type           Power      Damage    Failure   Level
a - Freeze                Ice            100%       1d10      1%          1
b - Frozen Ramparts       Ice            60%        1d10      1%          3
c - Ozocubu's Armour      Ice            30%        N/A       1%          3

Your spell library contained the following spells:

 Spells                   Type           Power      Damage    Failure   Level
 Kiss of Death            Conj/Necr      16%        2d6       14%         1
 Summon Ice Beast         Ice/Summ       17%        N/A       26%         4
 Confusing Touch          Hex            4%         N/A       38%         3
 Dazzling Flash           Conj/Hex       8%         N/A       38%         3
 Volatile Blastmotes      Fire/Tloc      8%         2d10      38%         3
 Dispel Undead            Necr           4%         3d7       80%         4
 Iskenderun's Mystic Bla  Conj/Tloc      4%         2d3       80%         4
 Starburst                Conj/Fire      2%         6d3       100%        6


Dungeon Overview and Level Annotations

Branches:
Dungeon (6/15)
 Temple: D:4-7

Altars:
Cheibriados
Dithmenos
Kikubaaqudgha
Uskayaw
Xom

Shops:
D:1 [   D:3 *([[(

Annotations:
D:2 1 runed translucent door, Crazy Yiuf
D:6 Grinder


Innate Abilities, Weirdness & Mutations

((You are very nimble when in or above water. (Stealth+, EV+, Speed+++)))
Your lower body shifts to a powerful aquatic tail in water.


Message History

You closely miss Grinder.
Grinder is severely wounded.
Grinder completely resists.
The wall freezes Grinder but does no damage.
Grinder gestures at you. Pain shoots through your body!
* * * LOW HITPOINT WARNING * * *
Unknown command.
You feel better.
Grinder completely resists.
The wall freezes Grinder but does no damage.
Grinder gestures at you. Pain shoots through your body!
* * * LOW HITPOINT WARNING * * *
Unknown command.
Casting: Frozen Ramparts (safe; 1% risk of failure)
Confirm with . or Enter, or press ? or * to list all spells.
Aiming: Freeze (safe; 1% risk of failure)
Press: ? - help, Shift-Dir - straight line, f - Grinder
Aim: Grinder (severely wounded)
You freeze Grinder.
Grinder resists.
Grinder is severely wounded.
The frozen ramparts melt away.
Grinder closely misses you.
Unknown command.
Casting: Freeze (safe; 1% risk of failure)
Confirm with . or Enter, or press ? or * to list all spells.
Casting: Frozen Ramparts (safe; 1% risk of failure)
Press: ? - help, Dir - look around, f - activate The walls around you are covered in ice.
Grinder resists.
The wall freezes Grinder.
Grinder misses you.
Unknown command.
Casting: Frozen Ramparts (safe; 1% risk of failure)
Confirm with . or Enter, or press ? or * to list all spells.
Aiming: Freeze (safe; 1% risk of failure)
Press: ? - help, Shift-Dir - straight line, f - Grinder
Aim: Grinder (severely wounded)
You freeze Grinder but do no damage.
Grinder completely resists.
Grinder resists.
The wall freezes Grinder.
Grinder gestures at you. Pain shoots through your body!
You die...

........_...._..)..?
... #..#.#...8....##
.... #......._.....#
.....##...........##
.....#...........##
...........###...#
....5.....## #...#
...###....####..## .
##@5>.........#
#...........###
#..##..).####
.....#...)###
....####....<# ....
###..## ...# ####
..##


You could see Grinder.

Vanquished Creatures
  3 ice beasts
  A black bear (D:4)
  A centaur (D:5)
  An ogre (D:5)
  2 phantoms (D:5)
  3 scorpions
  A howler monkey (D:5)
  A hound (D:3)
  A jelly (D:3)
  A gnoll bouda (D:5)
  2 orc priests
  Ijyb (D:4)
  An orc wizard (D:5)
  Natasha (thrice) (D:2)
  3 iguanas
  5 gnolls (D:5)
  7 adders
  A white imp (D:5)
  A worm (D:3)
  4 dart slugs
  27 orcs
  3 ball pythons
  7 bats
  5 endoplasms
  6 giant cockroaches
  15 goblins
  11 hobgoblins
  4 jackals (D:5)
  6 kobolds
  3 quokkas
  4 frilled lizards (D:1)
  8 rats
142 creatures vanquished.

Notes
Turn   | Place    | Note
-------+----------+-------------------------------------------
     0 | D:1      | safid the Merfolk Ice Elementalist began the quest for the
                  | Orb.
     0 | D:1      | Reached XP level 1. HP: 13/13 MP: 3/3
    77 | D:1      | Found a faded altar of an unknown god.
   118 | D:1      | Reached XP level 2. HP: 18/20 MP: 5/5
   155 | D:1      | Reached skill level 1 in Fighting
   432 | D:1      | Reached XP level 3. HP: 21/26 MP: 4/6
   600 | D:1      | Found Wijo Roz's Antique Armour Emporium.
  1361 | D:2      | Found a runed translucent door.
  1362 | D:2      | Noticed Crazy Yiuf
  1571 | D:2      | Noticed Natasha
  1580 | D:2      | Killed Natasha
  1581 | D:2      | Reached skill level 5 in Ice Magic
  1581 | D:2      | Reached XP level 4. HP: 33/33 MP: 6/8
  1585 | D:2      | Noticed Natasha
  1591 | D:2      | Killed Natasha
  1732 | D:2      | Noticed Natasha
  1740 | D:2      | Killed Natasha
  1741 | D:2      | Reached XP level 5. HP: 22/39 MP: 3/9
  1934 | D:3      | Found Aluunk's Armour Shoppe.
  2335 | D:3      | Found a hide-covered altar of Uskayaw.
  2385 | D:3      | Reached XP level 6. HP: 18/47 MP: 1/11
  2395 | D:3      | Found Enakant's Weapon Shop.
  2405 | D:3      | Learned a level 3 spell: Frozen Ramparts
  2409 | D:3      | Learned a level 3 spell: Ozocubu's Armour
  2562 | D:3      | You fall into a shaft and drop 2 floors!
  2562 | D:5      | Entered Level 5 of the Dungeon
  2866 | D:4      | Noticed an ice beast
  2877 | D:4      | Reached skill level 6 in Ice Magic
  2949 | D:3      | Found Iqojeu's Antique Weapon Boutique.
  3457 | D:3      | Found Ocaroa's Assorted Antiques.
  3538 | D:3      | Found Diger's Armour Emporium.
  4001 | D:4      | Noticed a black bear
  4006 | D:4      | Killed a black bear
  4007 | D:4      | Reached XP level 7. HP: 55/55 MP: 6/13
  4077 | D:4      | Noticed Ijyb
  4097 | D:4      | Killed Ijyb
  4566 | D:4      | Found a snail-covered altar of Cheibriados.
  4897 | D:5      | Reached skill level 5 in Fighting
  5013 | D:5      | Reached skill level 7 in Ice Magic
  5013 | D:5      | Reached XP level 8. HP: 48/62 MP: 9/15
  5036 | D:5      | Reached skill level 5 in Spellcasting
  5510 | D:3      | Bought the +2 pair of slick slippers {slick, slippery,
                  | EV+4} for 383 gold pieces
  5510 | D:3      | Found the +2 pair of slick slippers {slick, slippery, EV+4}
  6093 | D:5      | Paralysed by a centaur for 4 turns
  6106 | D:5      | Reached skill level 8 in Ice Magic
  6544 | D:6      | Found an ancient bone altar of Kikubaaqudgha.
  6545 | D:6      | Found a shimmering altar of Xom.
  6547 | D:6      | Found a shadowy altar of Dithmenos.
  6653 | D:6      | Noticed Grinder
  6658 | D:6      | Paralysed by Grinder for 3 turns
  6682 | D:6      | Paralysed by Grinder for 2 turns
  6698 | D:6      | Killed from afar by Grinder

Illustrated notes

Levels and vault maps discovered:
D:1:      evilmike_arrival_grusome_pit, layout_basic,
          shapermc_ecumenical_altar_pompeii, serial_shops, shop
D:2:      layout_basic, minmay_misc_feat_room, minmay_randomly_rotated_circles,
          uniq_crazy_yiuf_cottage, uniq_natasha
D:3:      layout_loops_ring, nicolae_uskayaw_suspiria, serial_shops, shop, shop,
          nicolae_shop_back_alley_shop, nicolae_shop_overgrown_old_shop,
          nicolae_shop_bloodbath_and_beyond, grunt_ministairs_6,
          guppyfry_early_orc_mine
D:4:      layout_loops_corners, kennysheep_mini, serial_bayou_pond_b,
          guppyfry_early_lair_pool, uniq_ijyb
D:5:      layout_loops_ring, minmay_misc_feat_doors
D:6:      layout_cave_pools, nicolae_wu_jian_wuxing_cycle, lemuel_crystal_altar,
          chequers_temple_overflow_statue_of_worship, temple_green,
          uniq_sigmund, uniq_grinder

Skill      XL: |  1  2  3  4  5  6  7  8 |
---------------+-------------------------+-----
Fighting       | 1 2 3 4 5 6 |  6.6
Ice Magic      | 5 6 7 8 |  8.1
Spellcasting   | 3 4 5 |  5.9
Dodging        | |  2.6
Stealth        | |  2.1

Action                     |  1- 3 |  4- 6 |  7- 9 || total
---------------------------+-------+-------+-------++-------
  Melee: Dagger            |    62 |    84 |    32 ||   178
         Punch             |       |       |     1 ||     1
         Trident           |       |       |   136 ||   136
   Cast: Freeze            |    32 |    45 |    21 ||    98
         Frozen Ramparts   |       |     7 |    17 ||    24
         Ozocubu's Armour  |       |     5 |    14 ||    19
    Use: Potion            |       |       |     3 ||     3
   Stab: Sleeping          |     3 |     5 |     1 ||     9
         Distracted        |     1 |       |       ||     1
 Armour: Robe              |    24 |    13 |    68 ||   105
  Dodge: Dodged            |    61 |    64 |   165 ||   290
